DBL
MILWAUKEE CREAMS @ CHICAGO CUBS
05/13/1997
 
TOP OF THE 1ST
Milwaukee Creams batting - Pitching for Chicago Cubs : RHP Eric King
Pitching: RHP Eric King
Batting: LHB Tom Goodwin 0-0: Ball
1-0: Called Strike
1-1: Ball
2-1: Foul Ball, location: 2F
2-2: Ball
3-2: Ground out 4-3 (Groundball, 4, EV 90.0 MPH)
Batting: RHB Mark Loretta 0-0: Called Strike
0-1: Called Strike
0-2: Ball
1-2: Strikes out swinging
Batting: SHB Chipper Jones 0-0: Called Strike
0-1: Foul Ball, location: 2F
0-2: Strikes out swinging
Top of the 1st over - 0 runs, 0 hits, 0 errors, 0 left on base; Milwaukee 0 - Chicago 0
BOTTOM OF THE 1ST
Chicago Cubs batting - Pitching for Milwaukee Creams : LHP Kenny Rogers
Pitching: LHP Kenny Rogers
Batting: RHB Chris Hoiles 0-0: Foul Ball, location: 2F
0-1: Swinging Strike
0-2: Ball
1-2: Ball
2-2: Ball
3-2: Foul Ball, location: 2F
3-2: DOUBLE (Line Drive, 9LD, EV 108.1 MPH)
Batting: RHB Derek Bell 0-0: Ball
1-0: Ball
2-0: Fly out, F8 (Flyball, 8RM, EV 93.8 MPH)
Batting: LHB Trot Nixon 0-0: Called Strike
0-1: Ball
1-1: Foul Ball, location: 2F
1-2: Ball
2-2: Ground out 1-3 (Groundball, P, EV 90.0 MPH)
Chris Hoiles to third
Batting: RHB Mike Piazza 0-0: Called Strike
0-1: Ball
1-1: SINGLE (Groundball, 56D, EV 110.6 MPH)
Chris Hoiles scores
Batting: RHB Vinny Castilla 0-0: Ball
1-0: Ball
2-0: Ball
3-0: Base on Balls
Mike Piazza to second
Batting: RHB Jeff Cirillo 0-0: Called Strike
0-1: Foul Ball, location: 2F
0-2: Ball
1-2: SINGLE (Line Drive, 34D, EV 99.4 MPH)
Mike Piazza to third
Vinny Castilla to second
Runner from 3rd tries for Home, SAFE, no throw by RF
Batting: RHB Eric Karros 0-0: Swinging Strike
0-1: Swinging Strike
0-2: Strikes out swinging
Bottom of the 1st over - 2 runs, 3 hits, 0 errors, 2 left on base; Milwaukee 0 - Chicago 2
TOP OF THE 2ND
Milwaukee Creams batting - Pitching for Chicago Cubs : RHP Eric King
Batting: LHB Carlos Delgado 0-0: Called Strike
0-1: Called Strike
0-2: Ball
1-2: Ball
2-2: Ball
3-2: Fly out, F7 (Flyball, 78S, EV 88.1 MPH)
Batting: SHB Ken Caminiti 0-0: Swinging Strike
0-1: Ball
1-1: Swinging Strike
1-2: Fly out, F7 (Flyball, 7S, EV 78.8 MPH)
Batting: LHB John Elway 0-0: Ball
1-0: Called Strike
1-1: Swinging Strike
1-2: Foul Ball, location: 2F
1-2: Ball
2-2: Strikes out swinging
Top of the 2nd over - 0 runs, 0 hits, 0 errors, 0 left on base; Milwaukee 0 - Chicago 2
BOTTOM OF THE 2ND
Chicago Cubs batting - Pitching for Milwaukee Creams : LHP Kenny Rogers
Batting: RHB Bob Brower 0-0: Foul Ball, location: 2F
0-1: Ball
1-1: Fly out, F5 (Popup, 5SF, EV 75.0 MPH)
Batting: LHB Scott Cooper 0-0: Foul Ball, location: 2F
0-1: Ball
1-1: Foul Ball, location: 2F
1-2: Fly out, F8 (Line Drive, 8LD, EV 91.9 MPH)
Batting: RHB Chris Hoiles 0-0: Called Strike
0-1: Ball
1-1: Ball
2-1: Ball
3-1: Called Strike
3-2: Ground out 6-3 (Groundball, 6, EV 100.6 MPH)
Bottom of the 2nd over - 0 runs, 0 hits, 0 errors, 0 left on base; Milwaukee 0 - Chicago 2
TOP OF THE 3RD
Milwaukee Creams batting - Pitching for Chicago Cubs : RHP Eric King
Batting: SHB Gerald Young 0-0: Called Strike
0-1: Ball
1-1: Ball
2-1: Bunt missed!
2-2: Fly out, F8 (Flyball, 8LM, EV 88.1 MPH)
Batting: RHB Brad Ausmus 0-0: Ball
1-0: Swinging Strike
1-1: Called Strike
1-2: Ball
2-2: Ball
3-2: Foul Ball, location: 2F
3-2: Foul Ball, location: 2F
3-2: Ground out U3 (Groundball, 3D, EV 102.5 MPH)
Batting: RHB Rey Sanchez 0-0: Swinging Strike
0-1: Ball
1-1: Swinging Strike
1-2: Foul Ball, location: 2F
1-2: Strikes out swinging
Top of the 3rd over - 0 runs, 0 hits, 0 errors, 0 left on base; Milwaukee 0 - Chicago 2
BOTTOM OF THE 3RD
Chicago Cubs batting - Pitching for Milwaukee Creams : LHP Kenny Rogers
Batting: RHB Derek Bell 0-0: Ball
1-0: Called Strike
1-1: Ball
2-1: Ball
3-1: Ground out 6-3 (Groundball, 4M, EV 83.1 MPH)
Batting: LHB Trot Nixon 0-0: Called Strike
0-1: Fly out, F7 (Flyball, 7LM, EV 89.4 MPH)
Batting: RHB Mike Piazza 0-0: Foul Ball, location: 2F
0-1: Ball
1-1: Ball
2-1: Foul Ball, location: 2F
2-2: Fly out, F9 (Flyball, 9, EV 86.3 MPH)
Bottom of the 3rd over - 0 runs, 0 hits, 0 errors, 0 left on base; Milwaukee 0 - Chicago 2
TOP OF THE 4TH
Milwaukee Creams batting - Pitching for Chicago Cubs : RHP Eric King
Batting: LHB Tom Goodwin 0-0: Foul Ball, location: 2F
0-1: Ball
1-1: TRIPLE (Flyball, 89XD, EV 93.8 MPH)
Batting: RHB Mark Loretta 0-0: Ball
1-0: Ball
2-0: Called Strike
2-1: Called Strike
2-2: Ground out 5-3 (Groundball, 56S, EV 84.4 MPH)
Tom Goodwin scores
Batting: SHB Chipper Jones 0-0: Called Strike
0-1: Ball
1-1: Swinging Strike
1-2: Fly out, F8 (Flyball, 8LXD, EV 85.6 MPH)
Batting: LHB Carlos Delgado 0-0: Called Strike
0-1: Ball
1-1: Ball
2-1: Called Strike
2-2: SINGLE (Groundball, 4S, EV 64.4 MPH) (infield hit)
Batting: SHB Ken Caminiti 0-0: Ball
1-0: Ball
2-0: Foul Ball, location: 2F
2-1: Foul Ball, location: 2F
2-2: Ball
3-2: Foul Ball, location: 2F
3-2: Fly out, F9 (Flyball, 9S, EV 90.6 MPH)
Top of the 4th over - 1 run, 2 hits, 0 errors, 1 left on base; Milwaukee 1 - Chicago 2
BOTTOM OF THE 4TH
Chicago Cubs batting - Pitching for Milwaukee Creams : LHP Kenny Rogers
Batting: RHB Vinny Castilla 0-0: Called Strike
0-1: Ball
1-1: Ball
2-1: Ball
3-1: Foul Ball, location: 2F
3-2: Foul Ball, location: 2F
3-2: Base on Balls
Batting: RHB Jeff Cirillo 0-0: Called Strike
0-1: Foul Ball, location: 2F
0-2: Ball
1-2: Strikes out swinging
Batting: RHB Eric Karros 0-0: Foul Ball, location: 2F
0-1: Grounds into double play, 6-4-3 (Groundball, 6, EV 106.9 MPH)
Bottom of the 4th over - 0 runs, 0 hits, 0 errors, 0 left on base; Milwaukee 1 - Chicago 2
TOP OF THE 5TH
Milwaukee Creams batting - Pitching for Chicago Cubs : RHP Eric King
Batting: LHB John Elway 0-0: Ball
1-0: Called Strike
1-1: Ball
2-1: Ground out U3 (Groundball, 34S, EV 82.5 MPH)
Batting: SHB Gerald Young 0-0: Swinging Strike
0-1: Swinging Strike
0-2: Ball
1-2: Ball
2-2: Foul Ball, location: 2F
2-2: Ground out U3 (Groundball, 34, EV 82.5 MPH)
Batting: RHB Brad Ausmus 0-0: Ball
1-0: Ground out 4-3 (Groundball, 4, EV 81.3 MPH)
Top of the 5th over - 0 runs, 0 hits, 0 errors, 0 left on base; Milwaukee 1 - Chicago 2
BOTTOM OF THE 5TH
Chicago Cubs batting - Pitching for Milwaukee Creams : LHP Kenny Rogers
Batting: RHB Bob Brower 0-0: Fly out, F9 (Flyball, 9, EV 91.3 MPH)
Batting: LHB Scott Cooper 0-0: Ball
1-0: Ground out U3 (Groundball, 34, EV 98.1 MPH)
Batting: RHB Chris Hoiles 0-0: Called Strike
0-1: Called Strike
0-2: Ball
1-2: Ball
2-2: Foul Ball, location: 2F
2-2: Strikes out looking
Bottom of the 5th over - 0 runs, 0 hits, 0 errors, 0 left on base; Milwaukee 1 - Chicago 2
TOP OF THE 6TH
Milwaukee Creams batting - Pitching for Chicago Cubs : RHP Eric King
Batting: RHB Rey Sanchez 0-0: Called Strike
0-1: Foul Ball, location: 2F
0-2: Ground out 4-3 (Groundball, 4, EV 99.4 MPH)
Batting: LHB Tom Goodwin 0-0: Foul Ball, location: 2F
0-1: Ball
1-1: SINGLE (Groundball, 6MD, EV 97.5 MPH)
Batting: RHB Mark Loretta 0-0: Ball
Tom Goodwin steals 2nd base
1-0: Called Strike
1-1: Ball
2-1: Ground out 6-3 (Groundball, 6, EV 90.6 MPH)
Tom Goodwin to third
Batting: SHB Chipper Jones 0-0: Ball
1-0: Fly out, F5 (Line Drive, 5, EV 69.4 MPH)
Top of the 6th over - 0 runs, 1 hit, 0 errors, 1 left on base; Milwaukee 1 - Chicago 2
BOTTOM OF THE 6TH
Chicago Cubs batting - Pitching for Milwaukee Creams : LHP Kenny Rogers
Batting: RHB Derek Bell 0-0: Ground out 6-3 (Groundball, 6, EV 87.5 MPH)
Batting: LHB Trot Nixon 0-0: Called Strike
0-1: Called Strike
0-2: Strikes out swinging
Batting: RHB Mike Piazza 0-0: Ball
1-0: SINGLE (Groundball, 6MD, EV 98.8 MPH)
Batting: RHB Vinny Castilla 0-0: SINGLE (Groundball, 34D, EV 104.4 MPH)
Mike Piazza to second
Runner from 2nd tries for 3rd, SAFE, throw by RF made to third
Batting: RHB Jeff Cirillo 0-0: Called Strike
0-1: Foul Ball, location: 2F
0-2: Foul Ball, location: 2F
0-2: Ball
1-2: Ball
2-2: DOUBLE (Line Drive, 78XD, EV 105.6 MPH)
Mike Piazza scores
Vinny Castilla to third
Runner from 3rd tries for Home, SAFE, no throw by CF
Batting: RHB Eric Karros 0-0: Intentional Walk
Batting: RHB Bob Brower 0-0: Ball
1-0: Ball
2-0: Fielders Choice at 2nd, 6-4 (Groundball, 6, EV 81.3 MPH)
Bottom of the 6th over - 2 runs, 3 hits, 0 errors, 2 left on base; Milwaukee 1 - Chicago 4
TOP OF THE 7TH
Milwaukee Creams batting - Pitching for Chicago Cubs : RHP Eric King
Batting: LHB Carlos Delgado 0-0: Ball
1-0: Fly out, F7 (Flyball, 78S, EV 96.9 MPH)
Batting: SHB Ken Caminiti 0-0: Ball
1-0: Called Strike
1-1: Swinging Strike
1-2: Ball
2-2: Foul Ball, location: 2F
2-2: Foul Ball, location: 2F
2-2: Foul Ball, location: 2F
2-2: Ball
3-2: DOUBLE (Line Drive, 78D, EV 113.8 MPH)
Pitching: LHP Mike Holtz
Batting: LHB John Elway 0-0: Swinging Strike
0-1: Ball
1-1: Swinging Strike
1-2: Hit by Pitch
Batting: SHB Gerald Young 0-0: Called Strike
0-1: Foul Ball, location: 2F
0-2: Ball
1-2: Strikes out swinging
Batting: RHB Brad Ausmus 0-0: Called Strike
0-1: Foul Ball, location: 2F
0-2: Ball
1-2: Foul Ball, location: 2F
1-2: Strikes out swinging
Top of the 7th over - 0 runs, 1 hit, 0 errors, 2 left on base; Milwaukee 1 - Chicago 4
BOTTOM OF THE 7TH
Chicago Cubs batting - Pitching for Milwaukee Creams : LHP Kenny Rogers
Batting: LHB Scott Cooper 0-0: Ball
1-0: Called Strike
1-1: Ground out 4-3 (Groundball, 4, EV 89.4 MPH)
Batting: RHB Chris Hoiles 0-0: Called Strike
0-1: Swinging Strike
0-2: Ball
1-2: Strikes out looking
Batting: RHB Derek Bell 0-0: Swinging Strike
0-1: Called Strike
0-2: Strikes out looking
Bottom of the 7th over - 0 runs, 0 hits, 0 errors, 0 left on base; Milwaukee 1 - Chicago 4
TOP OF THE 8TH
Milwaukee Creams batting - Pitching for Chicago Cubs : LHP Mike Holtz
Batting: RHB Rey Sanchez 0-0: Reached on error, E3 (Groundball, 34, EV 86.3 MPH)
Batting: LHB Tom Goodwin 0-0: Ball
1-0: Ball
2-0: Ball
3-0: Called Strike
3-1: Base on Balls
Batting: RHB Mark Loretta 0-0: Fly out, F9 (Flyball, 9S, EV 88.8 MPH)
Batting: SHB Chipper Jones 0-0: Ball
1-0: Ball
2-0: Called Strike
2-1: Swinging Strike
2-2: Ball
3-2: Grounds into double play, 5-4-3 (Groundball, 56, EV 81.3 MPH)
Top of the 8th over - 0 runs, 0 hits, 1 error, 1 left on base; Milwaukee 1 - Chicago 4
BOTTOM OF THE 8TH
Chicago Cubs batting - Pitching for Milwaukee Creams : LHP Kenny Rogers
Batting: LHB Trot Nixon 0-0: Ball
1-0: Ball
2-0: Ball
3-0: Called Strike
3-1: Fly out, F7 (Flyball, 7LDF, EV 105.6 MPH)
Batting: RHB Mike Piazza 0-0: Foul Ball, location: 2F
0-1: Ball
1-1: SINGLE (Groundball, 4MD, EV 101.9 MPH)
Pitching: RHP Billy Taylor
Batting: RHB Vinny Castilla 0-0: Grounds into double play, 4-6-3 (Groundball, 4, EV 110.0 MPH)
Bottom of the 8th over - 0 runs, 1 hit, 0 errors, 0 left on base; Milwaukee 1 - Chicago 4
TOP OF THE 9TH
Milwaukee Creams batting - Pitching for Chicago Cubs : LHP Mike Holtz
Batting: LHB Carlos Delgado 0-0: Ball
1-0: Called Strike
1-1: Ball
2-1: Foul Ball, location: 2F
2-2: Foul Ball, location: 2F
2-2: Ground out 6-3 (Groundball, 6M, EV 86.3 MPH)
Batting: SHB Ken Caminiti 0-0: Called Strike
0-1: Ball
1-1: Ball
2-1: Ball
3-1: Foul Ball, location: 2F
3-2: Foul Ball, location: 2F
3-2: Foul Ball, location: 2F
3-2: Base on Balls
Pitching: LHP Frank DiPino
Batting: LHB John Elway 0-0: Called Strike
0-1: Ball
Passed Ball!
Ken Caminiti to second
1-1: Ball
2-1: Called Strike
2-2: Ball
3-2: Fly out, F8 (Flyball, 8RD, EV 75.6 MPH)
Batting: SHB Gerald Young 0-0: Called Strike
0-1: Foul Ball, location: 2F
0-2: Ball
1-2: Foul Ball, location: 2F
1-2: Ball
2-2: Ball
3-2: Foul Ball, location: 2F
3-2: Base on Balls
Batting: RHB Brad Ausmus 0-0: Ball
1-0: Called Strike
1-1: SINGLE (Groundball, 4MD, EV 104.4 MPH)
Ken Caminiti to third
Gerald Young to second
Pinch Hitting: SHB Jorge Posada 0-0: Called Strike
0-1: Called Strike
0-2: Ball
1-2: Strikes out looking
Top of the 9th over - 0 runs, 1 hit, 0 errors, 3 left on base; Milwaukee 1 - Chicago 4
Monday, February 9th, 2026 - OOTP Baseball 20.8 Build 74